 Dungeon Crawl Stone Soup version 0.30-a0-1085-g990a428a5c (webtiles) character file.

Game seed: 8597597543129667851

39 Conn the Firebug (level 3, -5/21 HPs)
             Began as an Octopode Fire Elementalist on Apr 16, 2023.
             Slain by Natasha (6 damage)
             ... on level 2 of the Dungeon.
             The game lasted 00:02:38 (1455 turns).

Conn the Firebug (Octopode Fire Elementalist)       Turns: 1455, Time: 00:02:39

Health: -5/21      AC:  1    Str:  7    XL:     3   Next: 45%
Magic:  5/6        EV: 13    Int: 19    God:
Gold:   79         SH:  0    Dex: 12    Spells: 6/7 levels left

rFire   . . .      SeeInvis .    e - +1 dagger
rCold   . . .      Faith    .    (no shield)
rNeg    . . .      Spirit   .    (helmet restricted)
rPois   .          Reflect  .    (no amulet)
rElec   .          Rampage  .    (no ring)
rCorr   .                        (no ring)
Will    .....                    (no ring)
Stlth   +++                      (no ring)
HPRegen 0.23/turn                (no ring)
MPRegen 0.10/turn                (no ring)
                                 (no ring)
                                 (no ring)

@: mighty
A: almost no armour, amphibious, 8 rings, camouflage 1, gelatinous body 1,
(nimble swimmer 1), tentacles
a: no special abilities


You were on level 2 of the Dungeon.
You visited 1 branch of the dungeon, and saw 2 of its levels.

You collected 79 gold pieces.

Inventory:

Hand Weapons
 e - a +1 dagger (weapon)
Scrolls
 f - a scroll of noise {unknown}
 g - a scroll of enchant armour {unknown}
 j - a scroll of immolation {unknown}
 k - a scroll of fear {unknown}
 l - a scroll of identify {unknown}
 m - a scroll of amnesia {unknown}
Potions
 a - a potion of magic
 h - a potion of ambrosia {unknown}
 i - a potion of curing {unknown}


   Skills:
 + Level 2.3 Dodging
 + Level 2.9 Stealth
 + Level 2.5 Spellcasting
 + Level 1.4 Conjurations
 + Level 3.5 Fire Magic


You had 6 spell levels left.
You knew the following spells:

 Your Spells              Type           Power      Damage    Failure   Level
a - Foxfire               Conj/Fire      44%        2x1d6     6%          1

Your spell library contained the following spells:

 Spells                   Type           Power      Damage    Failure   Level
 Scorch                   Fire           30%        2d6       6%          2
 Inner Flame              Hex/Fire       9%         N/A       24%         3
 Volatile Blastmotes      Fire/Tloc      18%        2d11      24%         3
 Ozocubu's Armour         Ice            2%         N/A       43%         3
 Flame Wave               Conj/Fire      11%        2d6       50%         4
 Metabolic Englaciation   Hex/Ice        1%         N/A       99%         5
 Simulacrum               Ice/Necr       1%         N/A       100%        6


Dungeon Overview and Level Annotations

Branches:
Dungeon (2/15)

Altars:

Annotations:
D:2 Natasha


Innate Abilities, Weirdness & Mutations

You cannot wear most types of armour.
You are amphibious.
You can wear up to eight rings at the same time.
Your skin changes colour to match your surroundings (Stealth+).
Your rubbery body absorbs attacks. (AC +1, EV +1)
((You are camouflaged when in or above water. (Stealth+)))
You have tentacles for arms and can constrict up to eight enemies at once.


Message History

The quokka barely misses you.
A ball python comes into view.
You barely miss the quokka.
Natasha hisses angrily.
The ball python hisses angrily.
Your grab misses the quokka. The quokka completely misses you.
You barely miss the quokka. Your grab misses the quokka.
The quokka barely misses you.
Casting: Foxfire (safe; 6% risk of failure)
Confirm with . or Enter, or press ? or * to list all spells.
You conjure some foxfire!
The quokka bites you. Natasha claws you. The quokka bites you.
Unknown command.
Casting: Foxfire (safe; 6% risk of failure)
Confirm with . or Enter, or press ? or * to list all spells.
Okay, then.
Unknown command.
Unknown command.
Unknown command.
Okay, then.
As you read the scroll labelled BIS UGIGAMUK, it crumbles to dust.
It is a scroll of enchant weapon.
Your +0 dagger glows red for a moment.
The foxfire hits the quokka.
The quokka is severely wounded.
The foxfire hits the hobgoblin.
The hobgoblin is severely wounded.
Natasha completely misses you. The quokka misses you.
The hobgoblin hits you but does no damage.
The air fills with toxic fumes!
As you read the scroll labelled KACIRU RUNG, it crumbles to dust.
It was a scroll of poison.
The quokka bites you.
* * * LOW HITPOINT WARNING * * *
Natasha barely misses you. The hobgoblin hits you.
* * * LOW HITPOINT WARNING * * *
Okay, then.
It was a potion of might.
You feel very mighty all of a sudden. The quokka bites you.
* * * LOW HITPOINT WARNING * * *
Natasha claws you.
You die...

#§§§§§§§§§§
#§§§§§§§§§§
§####§§§§§§§§§§
§§§§§§§§§§§§§§§
§§§§§§§§§§§§§
#§§§§§§§§§§§
#§§§r§§§§§§§
####§§g@§§§§§§§
§§§§S§h§#############
§§§§§§#§#...........#
§§§§§§#§§...........#
§§§§§ ##§..<........#
§§§§§ ##§..........#
§§§§ #§..........#
#### ##§§.........#
#............#


You could see Natasha, a quokka, a hobgoblin and a ball python.

Vanquished Creatures
  An adder (D:2)
  A worm (D:2)
  3 endoplasms
  3 giant cockroaches
  4 goblins (D:1)
  3 hobgoblins (D:1)
  2 kobolds (D:1)
  2 quokkas
  A ball python (D:1)
  A bat (D:1)
  A frilled lizard (D:2)
  A rat (D:2)
23 creatures vanquished.

Vanquished Creatures (others)
  82 foxfires
82 creatures vanquished.

Grand Total: 105 creatures vanquished

Notes
Turn   | Place    | Note
-------+----------+-------------------------------------------
     0 | D:1      | Conn the Octopode Fire Elementalist began the quest for the
                  | Orb.
     0 | D:1      | Reached XP level 1. HP: 11/11 MP: 3/3
   257 | D:1      | Reached XP level 2. HP: 17/17 MP: 1/5
   906 | D:1      | Found a faded altar of an unknown god.
  1150 | D:2      | Reached XP level 3. HP: 21/21 MP: 2/6
  1448 | D:2      | Noticed Natasha
  1455 | D:2      | HP: 1/21 [quokka (1)]
  1455 | D:2      | Slain by Natasha

Illustrated notes

Levels and vault maps discovered:
D:1:      dpeg_arrival_leaves_temple_mockup, layout_basic,
          ebering_ecumenical_altar_box
D:2:      layout_basic, minmay_pentomino_z4, uniq_natasha

Action                     || total
---------------------------++-------
  Melee: Unarmed           ||     7
         Constrict         ||     5
         Dagger            ||     9
         Tentacles         ||     3
   Cast: Foxfire           ||    49
    Use: Scroll            ||     2
         Potion            ||     1
 Armour: Skin              ||     2
  Dodge: Dodged            ||    23

Table legend: (Time is in decaauts)
 A = Elapsed time spent in this place.
 B = Non-inter-level travel time spent in this place.
 C = Inter-level travel time spent in this place.
 D = Time resting spent in this place.
 E = Time spent auto-exploring this place.
 F = Levels seen in this place.
 G = Mean time per level.
                   A        B        C        D        E       F      G
               +--------+--------+--------+--------+--------+-----+--------+
         Total |   1454 |   1416 |     38 |      0 |   1170 |   2 |  727.0 |
       Dungeon |   1454 |   1416 |     38 |      0 |   1170 |   2 |  727.0 |
               +--------+--------+--------+--------+--------+-----+--------+

Top non-repeatable levels by time:
     D:1: 1041 daAuts
     D:2: 412 daAuts
